 Dungeon Crawl Stone Soup version 0.30.0-29-ga12c61a403 (webtiles) character file.

Game seed: 8398598016964393063

364 Elmgren the Trooper (level 6, 0/40 HPs)
             Began as a Minotaur Fighter on June 24, 2023.
             Succumbed to a water moccasin's poison
             ... on level 5 of the Dungeon.
             The game lasted 00:06:05 (4258 turns).

Elmgren the Trooper (Minotaur Fighter)              Turns: 4258, Time: 00:06:05

Health: 0/40       AC:  9    Str: 23    XL:     6   Next: 39%
Magic:  5/5        EV:  9    Int:  5    God:
Gold:   223        SH:  4    Dex:  9    Spells: 5/5 levels left

rFire   + . .        r - +2 flail (holy)
rCold   + . .        c - +0 buckler
rNeg    . . .        b - +0 scale mail
rPois   +            (helmet restricted)
rElec   +            (no cloak)
rCorr   +            (no gloves)
SInv    +            h - +1 pair of boots
Will    .....        (no amulet) Stlth
                     (no ring)
HPRegen 0.26/turn    (no ring)
MPRegen 0.09/turn

%: no passive effects
@: mighty, lethally poisoned (0 -> -8), resistant
A: horns 2, retaliatory headbutt, see invisible, frail 3
a: no special abilities


You were on level 5 of the Dungeon.
You visited 1 branch of the dungeon, and saw 5 of its levels.
You also visited: Sewer.

You collected 223 gold pieces.

Inventory:

Hand Weapons
 r - a +2 flail of holy wrath (weapon)
Armour
 b - a +0 scale mail (worn)
 c - a +0 buckler (worn)
 h - a +1 pair of boots (worn)
Jewellery
 a - an amulet of the acrobat
 x - an amulet of regeneration
Scrolls
 l - 2 scrolls of identify
 o - a scroll of fog
 p - a scroll of amnesia {unknown}
 s - 3 scrolls of butterflies {unknown}
 t - a scroll of enchant weapon {unknown}
 u - a scroll of teleportation
 v - a scroll of vulnerability {unknown}
Potions
 e - 2 potions of heal wounds {unknown}
 f - a potion of cancellation {unknown}
 g - a potion of curing {unknown}
 i - 2 potions of lignification {unknown}
 j - 2 potions of berserk rage {unknown}
 k - a potion of attraction {unknown}
 m - 2 potions of mutation
 n - 2 potions of flight {unknown}
 q - a potion of resistance
 w - a potion of magic {unknown}


   Skills:
 + Level 6.7 Fighting
 + Level 6.0 Maces & Flails
 - Level 3.6 Armour
 - Level 3.6 Shields


You had 5 spell levels left.
You didn't know any spells.
Your spell library contained the following spells:

 Spells                   Type           Power      Damage    Failure   Level
 Sting                    Tmut/Pois      0%         1d3       85%         1
 Ensorcelled Hibernation  Hex/Ice        0%         N/A       94%         2
 Passwall                 Tmut/Erth      0%         N/A       94%         2
 Poisonous Vapours        Pois/Air       0%         N/A       94%         2
 Swiftness                Air            0%         N/A       99%         3
 Olgreb's Toxic Radiance  Pois           0%         N/A       100%        4


Dungeon Overview and Level Annotations

Branches:
Dungeon (5/15) Zot: 26087   Sewer (visited)
 Temple: D:4-7

Altars:

Annotations:
D:4 2 transporters, Nicoed's ghost, novice GnRe


Innate Abilities, Weirdness & Mutations

You have a pair of horns on your head.
You reflexively headbutt those who attack you in melee.
You have supernaturally acute eyesight. (SInv)
You are extremely frail. (-30% HP)


Message History

You hit the iguana but do no damage. You headbutt the iguana.
A water moccasin comes into view.
The iguana bites you!
* * * LOW HITPOINT WARNING * * *
You take 9 damage, and have 16/40 hp.
MASSIVE DAMAGE!!
The water moccasin hisses angrily.
You hit the iguana. The iguana closely misses you.
There are monsters nearby!
The iguana attacks as you move away! The iguana closely misses you.
You furiously retaliate!
You headbutt the iguana!
You kill the iguana!
Your Maces & Flails skill increases to level 6!
Sorry, you're not good enough to have a special ability.
You feel very mighty all of a sudden. The water moccasin bites you.
* * * LOW HITPOINT WARNING * * *
You take 6 damage, and have 11/40 hp.
You hit the water moccasin.
Your headbutt misses the water moccasin.
You block the water moccasin's attack. The water moccasin barely misses you.
You barely miss the water moccasin. The water moccasin bites you.
* * * LOW HITPOINT WARNING * * *
You are lethally poisoned!
The water moccasin poisons you!
You take 2 damage, and have 9/40 hp.
You miss the water moccasin.
* * * LOW HITPOINT WARNING * * *
You feel very sick.
The water moccasin bites you but does no damage. x2
You take 4 damage, and have 5/40 hp.
As you read the scroll of fog, it crumbles to dust.
The scroll dissolves into smoke.
* * * LOW HITPOINT WARNING * * *
You feel very sick. You block the water moccasin's attack.
You take 3 damage, and have 2/40 hp.
Okay, then.
It was a potion of resistance.
You feel protected.
You die...

...... ..... #...#
#$ #...# #..
#...## #..##..†.##
#..#...§§§## .
#.....§§S§§## ...
#.....§§@§§.#.....
#.....§§§§§.....#
####..§§..........
##.#......#.#..
#..........#
#..#....#..#
#..........#
#...#.(#...#
#........)#.


You could see a water moccasin.

Vanquished Creatures
  Pargi (Sewer)
  A scorpion (D:4)
  An orc priest (D:3)
  An iguana (D:5)
  5 adders
  A worm (D:2)
  8 dart slugs
  4 orcs
  15 ball pythons
  8 bats
  8 endoplasms
  6 giant cockroaches
  6 goblins
  8 hobgoblins
  3 jackals (D:3)
  12 frilled lizards
  7 kobolds
  2 rats
97 creatures vanquished.

Notes
Turn   | Place    | Note
-------+----------+-------------------------------------------
     0 | D:1      | Elmgren the Minotaur Fighter began the quest for the Orb.
     0 | D:1      | Reached XP level 1. HP: 19/19 MP: 0/0
   162 | D:1      | Reached XP level 2. HP: 12/27 MP: 1/1
   436 | D:1      | Reached XP level 3. HP: 30/34 MP: 2/2
   976 | D:2      | Reached XP level 4. HP: 41/41 MP: 3/3
  1124 | D:2      | Reached skill level 5 in Fighting
  2057 | D:3      | Gained mutation: You are frail. (-10% HP) [potion of
                  | mutation]
  2057 | D:3      | Gained mutation: You are very frail. (-20% HP) [potion of
                  | mutation]
  2057 | D:3      | Gained mutation: You are extremely frail. (-30% HP) [potion
                  | of mutation]
  2057 | D:3      | Gained mutation: You have supernaturally acute eyesight.
                  | (SInv) [potion of mutation]
  2696 | D:3      | Reached XP level 5. HP: 25/33 MP: 4/4
  2928 | D:4      | Noticed an ogre
  2928 | D:4      | Noticed Nicoed's ghost (novice GnRe)
  2928 | D:4      | Noticed an ogre
  2928 | D:4      | Found a transporter.
  3073 | D:4      | Noticed an ogre
  3138 | D:4      | Found a glowing drain.
  3282 | D:4      | Reached skill level 5 in Maces & Flails
  3293 | Sewer    | Entered a sewer
  3517 | Sewer    | Noticed Pargi
  3525 | Sewer    | Killed Pargi
  3526 | Sewer    | Reached XP level 6. HP: 28/39 MP: 5/5
  4197 | D:4      | Found a transporter.
  4216 | D:5      | Entered Level 5 of the Dungeon
  4248 | D:5      | Noticed a water moccasin
  4257 | D:5      | HP: 2/40 [poisoned by a water moccasin]
  4258 | D:5      | Succumbed to a water moccasin's poison

Illustrated notes

Levels and vault maps discovered:
D:1:      dpeg_arrival_stone_temple_mockup, layout_basic, minmay_split_cup_large
D:2:      minmay_alternating_diamond, layout_loops_ring
D:3:      layout_loops_ring
D:4:      layout_gridville, gammafunk_ghost_smash, gup_sewer_entry_glass,
          nicolae_underground_beach
D:5:      layout_layer_cave, mainiacjoe_overflow_alcove_1,
          chequers_temple_overflow_minitemple, minmay_temple_entry_large_hall,
          serial_shops, nicolae_shop_drivethru, kennysheep_decorative_pillar,
          minmay_misc_feat_more_columns

Skill      XL: |  1  2  3  4  5  6 |
---------------+-------------------+-----
Fighting       | 4 5 6 |  6.7
Maces & Flails | 3 4 5 6 |  6.0
Armour         | |  3.6
Shields        | |  3.6

Action                     |  1- 3 |  4- 6 || total
---------------------------+-------+-------++-------
  Melee: Flail             |    88 |   135 ||   223
         Headbutt          |     7 |    17 ||    24
    Use: Scroll            |     1 |     7 ||     8
         Potion            |       |     4 ||     4
 Armour: Scale mail        |    49 |    71 ||   120
  Dodge: Dodged            |    42 |    55 ||    97
  Block: Buckler           |    19 |    37 ||    56
